 Dungeon Crawl Stone Soup version 0.30-a0-169-g06f667207d (webtiles) character file.

Game seed: 8924579475228284782

4018 Decritt the Fighter (level 10, -5/81 HPs)
             Began as a Djinni Conjurer on Sept 30, 2022.
             Was a Follower of Makhleb.
             Killed by an exploding fulminant prism (9 damage)
             ... in a bailey.
             The game lasted 00:19:19 (9243 turns).

Decritt the Fighter (Djinni Conjurer)               Turns: 9243, Time: 00:19:20

Health: -5/81      AC:  6    Str: 12    XL:     10   Next: 47%
Gold:   506        EV: 17    Int: 24    God:    Makhleb [*.....] SH:  0 Dex: 12

rFire   + + +      SeeInvis .    z - +8 broad axe of Pride {speed, rElec rF++ Will+}
rCold   x . .      Faith    .    (no shield)
rNeg    . . .      Spirit   .    a - +0 robe
rPois   ∞          Reflect  .    u - +1 helmet
rElec   +          Harm     .    j - +1 cloak
rCorr   .          Rampage  .    (no gloves)
Will    ++...                    (boots unavailable)
Stlth   ++........               (no amulet)
HPRegen 0.23/turn                p - +4 ring of evasion
MPRegen 0.00/turn                o - +6 ring of strength

@: flying
A: sickness immunity, fire resistance 2, cold vulnerability 1, float, innate
caster, HP casting, extra vitality 1
a: Renounce Religion


You were in a bailey.
You worshipped Makhleb.
Makhleb was aware of your devotion.
You visited 1 branch of the dungeon, and saw 8 of its levels.
You also visited: Bailey.

You collected 506 gold pieces.

Inventory:

Hand Weapons
 g - the +10 spear "Piyluts" {flame, rF+}
   (You found it on level 2 of the Dungeon)

   It burns those it strikes, dealing additional fire damage.
   rF:        It protects you from fire.
 z - the +8 broad axe of Pride (weapon) {speed, rElec rF++ Will+}
   (You found it on level 5 of the Dungeon)

   Attacks with this weapon are significantly faster.
   rF:        It greatly protects you from fire.
   rElec:     It insulates you from electricity.
   Will:      It increases your willpower.
Armour
 a - a +0 robe (worn)
 j - a +1 cloak (worn)
 u - a +1 helmet (worn)
Magical Staves
 q - a staff of cold
 t - a staff of death
Jewellery
 b - a ring of positive energy
 o - a +6 ring of strength (right hand)
 p - a +4 ring of evasion (left hand)
 C - a ring of protection from cold
Wands
 y - a wand of roots (4)
Scrolls
 d - 7 scrolls of teleportation
 n - 2 scrolls of poison
 v - a scroll of summoning
 w - a scroll of fear
 x - a scroll of blinking
 B - a scroll of butterflies {unknown}
Potions
 e - a potion of degeneration
 f - a potion of lignification
 h - 3 potions of might
 i - a potion of attraction
 k - 2 potions of mutation
 l - 5 potions of haste
 m - 5 potions of curing
 r - a potion of ambrosia {unknown}
 s - a potion of resistance
 A - a potion of cancellation
 D - 2 potions of berserk rage {unknown}


   Skills:
 * Level 10.6 Fighting
 + Level 4.3 Armour
 + Level 5.4 Dodging
 - Level 1.5 Stealth
 + Level 6.6 Spellcasting


You couldn't memorise any spells.
You knew the following spells:

 Your Spells              Type           Power      Damage    Failure   Level
a - Magic Dart            Conj           100%       1d8       1%          1
b - Searing Ray           Conj           78%        2d7       1%          2
c - Iskenderun's Mystic   Conj/Tloc      39%        2d9       4%          4
d - Fulminant Prism       Conj/Hex       19%        3d11      4%          4
e - Dazzling Flash        Conj/Hex       78%        N/A       1%          3
f - Beastly Appendage     Tmut           78%        N/A       1%          1
g - Ensorcelled Hibernat  Hex/Ice        78%        N/A       1%          2
h - Portal Projectile     Hex/Tloc       78%        N/A       1%          3
i - Confusing Touch       Hex            39%        N/A       1%          3
Your spell library was empty.

Dungeon Overview and Level Annotations

Branches:
Dungeon (8/15)             Temple (0/1) D:7          Bailey (1/1)
   Lair: D:8-11

Altars:
Fedhas
Makhleb
Nemelex Xobeh
Trog
The Shining One

Shops:
D:5 ![=


Innate Abilities, Weirdness & Mutations

You are immune to sickness and miasma.
You are immune to poison.
Your flesh is very heat resistant. (rF++)
You are vulnerable to cold. (rC-)
You float through the air rather than walking.
You learn spells naturally, not from books.
Your magical power is your life essence.
You have superior vitality. (+4 MHP)


Message History

A fulminant prism comes into view.
The orc knight roars a battlecry!
The orc warrior goes into a battle-frenzy!
Your fulminant prism crackles loudly.
Your fulminant prism explodes!
The blast of energy engulfs the orc knight!!
The orc knight is heavily wounded.
The blast of energy engulfs the orc warrior!!
You kill the orc warrior!
Makhleb accepts your kill.
You feel better.
You hear a shout! x2
Casting: Fulminant Prism (dangerous; 4% risk of failure)
Confirm with . or Enter, or press ? or * to list all spells.
Aiming: Fulminant Prism (dangerous; 4% risk of failure)
Press: ? - help, Dir - move target You conjure a prism of explosive energy!
* * * LOW HITPOINT WARNING * * *
A fulminant prism comes into view.
Your fulminant prism crackles loudly.
You see here a +0 hand axe.
Your fulminant prism explodes!
The blast of energy engulfs the orc knight!
The orc knight is severely wounded.
You see here a +0 war axe.
Casting: Fulminant Prism (dangerous; 4% risk of failure)
Confirm with . or Enter, or press ? or * to list all spells.
Aiming: Fulminant Prism (dangerous; 4% risk of failure)
Press: ? - help, Dir - move target You conjure a prism of explosive energy!
* * * LOW HITPOINT WARNING * * *
A fulminant prism comes into view.
The orc knight hits you from afar with a +0 glaive!
* * * LOW HITPOINT WARNING * * *
Your fulminant prism crackles loudly.
Your fulminant prism explodes!
The blast of energy engulfs the orc knight!!
The orc knight is almost dead.
The blast of energy engulfs you!
You die...

# ############ ##
##........∩.##
.######.....#......#
.#..).#....###).).)#
.))..)).....8...@.∩#
.#...)#....###o.)..#
.######.....#).....#
## ##....))..∩.## #
############


You could see an orc knight.

Vanquished Creatures
  An ugly thing (D:8)
  A hornet (D:8)
  Grinder (D:3)
  A wraith (D:7)
  8 orc warriors (Bailey)
  2 black bears
  An ice beast (D:6)
  2 ogres
  A sky beast (D:8)
  2 centaurs
  An elf zombie (D:7)
  2 necrophages (D:6)
  2 bullfrogs
  2 scorpions (D:5)
  5 howler monkeys
  An electric eel (D:7)
  2 human zombies (D:7)
  3 hounds (D:6)
  An orc priest (D:7)
  Crazy Yiuf (D:3)
  2 jellies
  Terence (D:2)
  4 iguanas
  4 orc wizards
  12 adders
  4 white imps
  An ufetubus (D:4)
  3 worms
  4 dart slugs
  35 orcs
  10 endoplasms
  6 giant cockroaches
  10 goblins
  9 hobgoblins
  4 jackals (D:2)
  8 kobolds
  5 quokkas
  11 ball pythons
  8 bats
  3 frilled lizards
  An orc skeleton (D:7)
  2 orc zombies (D:7)
  3 rats
  6 fulminant prisms
196 creatures vanquished.

Vanquished Creatures (collateral kills)
  A steam dragon (D:7)
  A phantom (D:7)
2 creatures vanquished.

Vanquished Creatures (others)
  29 fulminant prisms
29 creatures vanquished.

Grand Total: 227 creatures vanquished

Notes
Turn   | Place    | Note
-------+----------+-------------------------------------------
     0 | D:1      | Decritt the Djinni Conjurer began the quest for the Orb.
     0 | D:1      | Decritt set off with the following spells memorised: Magic
                  | Dart, Searing Ray, Dazzling Flash, Fulminant Prism,
                  | Iskenderun's Mystic Blast.
     0 | D:1      | Reached XP level 1. HP: 15/15 MP: 0/0
   164 | D:1      | Reached skill level 1 in Fighting
   166 | D:1      | Reached XP level 2. HP: 12/22 MP: 0/0
   621 | D:1      | Found a faded altar of an unknown god.
   636 | D:1      | Reached XP level 3. HP: 21/28 MP: 0/0
   636 | D:1      | Learned a level 1 spell: Beastly Appendage
   761 | D:1      | Reached skill level 2 in Fighting
  1148 | D:2      | Reached XP level 4. HP: 23/34 MP: 0/0
  1446 | D:2      | Identified the +10 spear "Piyluts" {flame, rF+}
  1644 | D:2      | Reached skill level 3 in Fighting
  2018 | D:3      | Noticed Terence
  2027 | D:2      | Killed Terence
  2028 | D:2      | Reached XP level 5. HP: 20/40 MP: 0/0
  2028 | D:2      | Learned a level 2 spell: Ensorcelled Hibernation
  2495 | D:3      | Noticed a black bear
  2503 | D:3      | Killed a black bear
  2504 | D:3      | Reached skill level 4 in Fighting
  2504 | D:3      | Reached XP level 6. HP: 39/48 MP: 0/0
  2621 | D:3      | Noticed Grinder
  2630 | D:3      | Killed Grinder
  2631 | D:3      | Reached skill level 5 in Fighting
  2631 | D:3      | Reached XP level 7. HP: 51/54 MP: 0/0
  2631 | D:3      | Learned a level 3 spell: Portal Projectile
  3032 | D:3      | Found a sparkling altar of Nemelex Xobeh.
  3130 | D:3      | Found a runed translucent door.
  3131 | D:3      | Noticed Crazy Yiuf
  3137 | D:3      | Killed Crazy Yiuf
  3382 | D:4      | Reached skill level 6 in Fighting
  3604 | D:4      | Found a blossoming altar of Fedhas.
  3729 | D:4      | Reached XP level 8. HP: 53/62 MP: 0/0
  4085 | D:5      | Entered Level 5 of the Dungeon
  4172 | D:5      | Found Igoog's Jewellery Shop.
  4206 | D:5      | Found Buit's Antique Armour Boutique.
  4220 | D:5      | Identified the +8 broad axe of Pride {speed, rElec rF++
                  | Will+}
  4318 | D:5      | Found Qutyrhoj's Distillery.
  4338 | D:5      | Reached skill level 5 in Spellcasting
  4353 | D:5      | Reached skill level 7 in Fighting
  5405 | D:6      | Reached skill level 8 in Fighting
  6062 | D:6      | Found a glowing golden altar of the Shining One.
  6074 | D:6      | Found a burning altar of Makhleb.
  6080 | D:6      | Reached XP level 9. HP: 67/71 MP: 0/0
  6080 | D:6      | Learned a level 3 spell: Confusing Touch
  6087 | D:6      | Became a worshipper of Makhleb the Destroyer
  6334 | D:6      | Reached skill level 1 in Armour
  6871 | D:7      | Reached skill level 9 in Fighting
  7104 | D:7      | Found a bloodstained altar of Trog.
  7435 | D:7      | Found a staircase to the Ecumenical Temple.
  8102 | D:8      | Found a flagged portal.
  8161 | D:8      | Noticed a purple ugly thing
  8182 | D:8      | Killed a purple ugly thing
  8183 | D:8      | Reached XP level 10. HP: 47/80 MP: 0/0
  8237 | D:8      | Reached skill level 10 in Fighting
  8440 | Bailey   | Entered a bailey
  8593 | Bailey   | Reached * piety under Makhleb
  8594 | Bailey   | Reached skill level 5 in Dodging
  9201 | Bailey   | Noticed an orc knight
  9242 | Bailey   | HP: 4/81 [orc knight/+0 glaive (10)]
  9243 | Bailey   | Killed by an exploding fulminant prism

Illustrated notes

Levels and vault maps discovered:
D:1:      dpeg_arrival_rooms_c, layout_loops_ring,
          shapermc_ecumenical_altar_starsandcircs
D:2:      layout_loops_ring, minivault_14
D:3:      corexii_shack_village, layout_basic, led_sif_pool,
          lemuel_coloured_pillars_altar, st_stairs_14, uniq_terence,
          uniq_grinder, uniq_crazy_yiuf_cottage
D:4:      minmay_evil_eye, layout_cave_pools, fedhas_altar_3,
          grunt_ministairs_5, hangedman_decor_growths
D:5:      wad_pebble_path, layout_basic, serial_shops, shop, shop, shop_statue
D:6:      layout_basic, makhleb_heckhound_becter, kennysheep_little_box,
          serial_demonic, serial_demonic_b, serial_demonic_f, serial_demonic_c,
          serial_demonic_f, nrook_mini_backslash
D:7:      cheibrodos_helix_gallery, layout_gridville,
          nicolae_overflow_hidden_temple, minmay_temple_entry_statues_fountains,
          nicolae_ossuary_entry_catacombs
D:8:      layout_rooms, marbit_many_paths, mainiacjoe_overflow_brackets,
          enter_bailey_8, serial_shops, shop_statue,
          minmay_hollow_rounded_squares
Bailey:   bailey_polearm_5, bailey

Skill      XL: |  1  2  3  4  5  6  7  8  9 10 |
---------------+-------------------------------+-----
Fighting       | 1 2 3 4 5 6 8 9 10 | 10.6
Spellcasting   | 4 5 6 |  6.6
Armour         | 3 4 |  4.3
Dodging        | 4 5 |  5.4
Stealth        | |  1.5

Action                   |  1- 3 |  4- 6 |  7- 9 | 10-12 || total
-------------------------+-------+-------+-------+-------++-------
Melee: Unarmed           |     2 |       |       |       ||     2
       Spear             |       |    25 |    56 |       ||    81
       Broad axe         |       |       |   111 |    40 ||   151
       Punch             |       |       |     4 |     2 ||     6
 Cast: Magic Dart        |    53 |    50 |   156 |     4 ||   263
       Searing Ray       |     2 |       |     4 |       ||     6
       Beastly Appendage |     1 |       |       |       ||     1
       Ensorcelled Hiber |       |     3 |       |       ||     3
       Portal Projectile |       |       |     4 |       ||     4
       Fulminant Prism   |       |       |    10 |    25 ||    35
       Iskenderun's Myst |       |       |       |     3 ||     3
  Use: Scroll            |       |       |    20 |       ||    20
       Potion            |       |       |     1 |     1 ||     2
 Stab: Sleeping          |       |     1 |     3 |       ||     4
Armor: Robe              |     8 |     9 |    24 |     5 ||    46
Dodge: Dodged            |    15 |    11 |    96 |    37 ||   159

Table legend: (Time is in decaauts)
 A = Elapsed time spent in this place.
 B = Non-inter-level travel time spent in this place.
 C = Inter-level travel time spent in this place.
 D = Time resting spent in this place.
 E = Time spent auto-exploring this place.
 F = Levels seen in this place.
 G = Mean time per level.
                   A        B        C        D        E       F      G
               +--------+--------+--------+--------+--------+-----+--------+
         Total |   9281 |   9073 |    208 |   1312 |   6432 |   9 | 1031.2 |
       Dungeon |   8477 |   8269 |    208 |    696 |   6403 |   8 | 1059.6 |
        Bailey |    803 |    803 |      0 |    616 |     29 |   1 |  803.0 |
               +--------+--------+--------+--------+--------+-----+--------+

Top non-repeatable levels by time:
     D:6: 1464 daAuts
     D:5: 1222 daAuts
     D:3: 1169 daAuts
     D:7: 1139 daAuts
     D:2: 1101 daAuts
     D:1: 1077 daAuts
  Bailey: 803 daAuts
     D:4: 742 daAuts
     D:8: 560 daAuts
